 Dungeon Crawl Stone Soup version 0.29-a0-187-ga23d9638d5 (webtiles) character file.

Game seed: 13803747524985368352

9828 freelancePsychic the Thaumaturge (level 11, -19/78 HPs)
             Began as an Octopode Summoner on Feb 21, 2022.
             Was an Elder of Vehumet.
             Engulfed by a cloud of freezing vapour (20 damage)
             ... on level 10 of the Dungeon.
             The game lasted 00:31:44 (13144 turns).

freelancePsychic the Thaumaturge (OpSu)            Turns: 13144, Time: 00:31:45

Health: -19/78     AC:  1    Str:  8    XL:     11   Next: 52%
Magic:  25/25      EV: 18    Int: 21    God:    Vehumet [****..]
Gold:   803        SH:  0    Dex: 13    Spells: 11/30 levels left

rFire   + + .      SeeInvis .   z - staff of fire
rCold   . . .      Faith    .   (no shield)
rNeg    + . .      Spirit   .   (helmet restricted)
rPois   .          Reflect  .   n - amulet of magic regeneration
rElec   .          Harm     .   j - ring of protection from fire
rCorr   +          Rampage  .   w - +4 ring of evasion
Will    .....                   r - ring of resist corrosion
Stlth   ++++......              F - ring of positive energy
HPRegen 0.23/turn               (no ring)
MPRegen 0.59/turn               (no ring)
                                (no ring)
                                (no ring)

@: studying 2 skills
A: almost no armour, amphibious, 8 rings, camouflage 1, gelatinous body 1,
(nimble swimmer 1), tentacles
a: Renounce Religion


You were on level 10 of the Dungeon.
You worshipped Vehumet.
Vehumet was greatly pleased with you.
You visited 1 branch of the dungeon, and saw 10 of its levels.
You also visited: Sewer.

You collected 803 gold pieces.

Inventory:

Hand Weapons
 d - a +2 spectral short sword
Missiles
 x - 2 throwing nets
Magical Staves
 o - a staff of poison
 z - a staff of fire (weapon)
Jewellery
 j - a ring of protection from fire (left tentacle)
 n - an amulet of magic regeneration (around mantle)
 r - a ring of resist corrosion (on tentacle)
 w - a +4 ring of evasion (right tentacle)
 C - an amulet of reflection
 F - a ring of positive energy (on tentacle)
Wands
 k - a wand of polymorph (11)
 D - a wand of paralysis (8)
 E - a wand of flame (18)
 G - a wand of iceblast (3)
Scrolls
 a - a scroll of immolation
 b - 2 scrolls of vulnerability
 e - 3 scrolls of noise
 f - 2 scrolls of fear
 h - 2 scrolls of enchant armour
 l - 4 scrolls of teleportation {@r4}
 y - 2 scrolls of brand weapon
 A - a scroll of summoning
 B - a scroll of fog
 H - a scroll of enchant weapon {unknown}
Potions
 g - 3 potions of haste {@q3}
 i - 2 potions of mutation
 m - a potion of invisibility
 p - 3 potions of magic
 q - 4 potions of flight {unknown}
 s - 3 potions of degeneration {unknown}
 t - a potion of berserk rage {unknown}
 u - a potion of curing {unknown}
 v - 3 potions of might {unknown}


   Skills:
 - Level 8.4 Fighting
 - Level 4.2 Dodging
 + Level 7.3 Stealth
 - Level 10.0 Spellcasting
 + Level 3.5 Conjurations
 - Level 2.3 Hexes
 - Level 9.1 Summonings
 - Level 3.0 Fire Magic
 + Level 2.4 Ice Magic
 - Level 8.0 Air Magic


You had 11 spell levels left.
You knew the following spells:

 Your Spells              Type           Power      Damage    Failure   Level
a - Foxfire               Conj/Fire      100%       2x1d9     1%          1
b - Call Canine Familiar  Summ           48%        N/A       1%          3
c - Summon Guardian Gole  Hex/Summ       34%        N/A       1%          3
d - Summon Lightning Spi  Summ/Air       46%        N/A       1%          4
e - Freezing Cloud        Conj/Ice/Air   15%        6-21      7%          5
f - Scorch                Fire           70%        2d8       1%          2
g - Summon Small Mammal   Summ           100%       N/A       1%          1

Your spell library contained the following spells:

 Spells                   Type           Power      Damage    Failure   Level
 Inner Flame              Hex/Fire       32%        N/A       1%          3
 Shock                    Conj/Air       100%       1d9       1%          1
 Call Imp                 Summ           48%        N/A       1%          2
 Corpse Rot               Necr/Air       54%        N/A       1%          2
 Poisonous Vapours        Pois/Air       54%        N/A       1%          2
 Mephitic Cloud           Conj/Pois/Air  26%        N/A       1%          3
 Swiftness                Air            44%        N/A       1%          3
 Airstrike                Air            22%        N/A       1%          4
 Ignite Poison            Fire/Tmut/Pois 22%        N/A       3%          3
 Animate Dead             Necr           5%         N/A       54%         4
 Haunt                    Necr/Summ      14%        N/A       100%        7
 Infestation              Necr           5%         N/A       100%        8


Dungeon Overview and Level Annotations

Branches:
Dungeon (10/15)            Temple (0/1) D:7            Lair (0/6) D:10
    Orc (0/2) D:9           Sewer (visited)

Altars:
Cheibriados
Elyvilon
Hepliaklqana
Vehumet
Yredelemnul
Zin
The Shining One
Beogh

Shops:
D:6 :

Annotations:
D:6 exclusions: 2 orcs and orc warrior
D:9 3 runed translucent doors, Clumpoid's ghost, novice GnFi


Innate Abilities, Weirdness & Mutations

You cannot wear most types of armour.
You are amphibious.
You can wear up to eight rings at the same time.
Your skin changes colour to match your surroundings (Stealth+).
Your rubbery body absorbs attacks. (AC +1, EV +1)
((You are camouflaged when in or above water. (Stealth+)))
You have tentacles for arms and can constrict up to eight enemies at once.


Message History

Found an escape hatch in the ceiling.
There is an open door here.
An orc wizard comes into view. It is wielding a +1 dagger of freezing.
An orc wizard is nearby!
The orc wizard shouts!
You hear a shout!
An orc comes into view. It is wielding a +0 club.
The orc is engulfed in freezing vapours.
You kill the orc!
Vehumet accepts your kill.
You feel your power returning.
The orc wizard gestures at you while chanting.
The puff of flame misses you.
You see here a ruby potion.
An orc wizard is nearby!
That beam is likely to hit you.
Continue anyway?
You are engulfed in freezing vapours.
The orc wizard is engulfed in freezing vapours.
The orc wizard gestures at you while chanting.
You are confused.
You are engulfed in freezing vapours.
The orc wizard is engulfed in freezing vapours.
You kill the orc wizard!
Vehumet accepts your kill.
You feel your power returning.
You are too confused!
You feel much better.
You are engulfed in freezing vapours.
You bump into the rock wall.
You are engulfed in freezing vapours.
* * * LOW HITPOINT WARNING * * *
You feel much better.
You are engulfed in freezing vapours.
* * * LOW HITPOINT WARNING * * *
You feel much better.
You are engulfed in freezing vapours.
* * * LOW HITPOINT WARNING * * *
You feel less confused.
Okay, then.
Okay, then.
You are engulfed in freezing vapours.
* * * LOW HITPOINT WARNING * * *
Okay, then.
You are engulfed in freezing vapours.
You die...

######### .......$#
#........# #####
#........# ....#
#........# ....#
+.......°#######
.....
#........@§○§○.#
##..
#.......☼#####§§<)..
## #....)...# #....
.# #........# ###
.## #######'## ..#
#.# ..## #.## ...#
#.<# ...#
########.###


There were no monsters in sight!

Vanquished Creatures
  A steam dragon (D:10)
  3 wargs (D:10)
  An acid dragon (D:6)
  An ice beast (D:5)
  A sky beast (D:10)
  A necrophage (D:5)
  2 centaurs
  A bullfrog (D:8)
  2 scorpions
  A wyvern skeleton (D:7)
  2 killer bees (D:7)
  A wight (D:8)
  2 howler monkeys
  A bullfrog skeleton (D:5)
  An orc priest (D:10)
  An iguana (D:6)
  6 orc wizards
  A gnoll (D:5)
  2 howler monkey zombies
  2 adder skeletons (D:4)
  2 worms
  12 orcs
  4 ball pythons
  7 bats
  4 endoplasms
  4 giant cockroaches
  5 goblins
  5 hobgoblins
  2 quokkas
  6 frilled lizards
  3 kobolds
  7 rats
94 creatures vanquished.

Vanquished Creatures (collateral kills)
  A shadow (D:10)
  2 yaks (D:8)
  2 steam dragons
  A black bear (D:5)
  2 ice beasts (D:6)
  2 sky beasts
  4 orc warriors (D:9)
  2 centaurs
  A bullfrog (D:7)
  A scorpion (D:7)
  6 killer bees
  2 wights
  A howler monkey (D:7)
  A centaur zombie (D:9)
  A bullfrog zombie (D:5)
  A hound (D:6)
  2 jellies
  6 orc priests
  An iguana (D:6)
  7 orc wizards
  A killer bee zombie (D:7)
  A howler monkey zombie (D:10)
  7 gnolls
  11 adders
  A shadow imp (D:7)
  A white imp (D:5)
  4 worms (Sewer)
  31 orcs
  2 ball pythons (Sewer)
  3 endoplasms
  A giant cockroach (D:3)
  2 goblins
  2 kobolds
  A bat (D:2)
  A frilled lizard (D:3)
  3 rats
118 creatures vanquished.

Vanquished Creatures (others)
  Harold (D:7)
  2 two-headed ogres
  A troll (D:10)
  A hornet (D:7)
  5 yaks
  Menkaure (D:7)
  5 orc warriors
  A sky beast (D:10)
  A centaur (D:9)
  3 kobold brigands (Sewer)
  4 wights (D:9)
  An orc priest (D:9)
  5 gnolls
  A white imp (D:7)
  5 orcs (D:9)
  A rat (Sewer)
  18 foxfires
  A fungus (D:1)
  A plant (D:10)
58 creatures vanquished.

Grand Total: 270 creatures vanquished

Notes
Turn   | Place    | Note
-------+----------+-------------------------------------------
     0 | D:1      | freelancePsychic the Octopode Summoner began the quest for
                  | the Orb.
     0 | D:1      | Reached XP level 1. HP: 11/11 MP: 3/3
   364 | D:1      | Reached XP level 2. HP: 17/17 MP: 5/5
  1098 | D:1      | Found a faded altar of an unknown god.
  1219 | D:1      | Reached XP level 3. HP: 18/21 MP: 3/6
  1223 | D:1      | Learned a level 3 spell: Call Canine Familiar
  1857 | D:2      | Learned a level 3 spell: Summon Guardian Golem
  2324 | D:3      | Reached XP level 4. HP: 24/27 MP: 7/7
  2330 | D:3      | Reached skill level 5 in Summonings
  2704 | D:3      | Found a radiant altar of Vehumet.
  2721 | D:3      | Became a worshipper of Vehumet
  3102 | D:3      | Reached skill level 1 in Fighting
  3117 | D:3      | Reached skill level 1 in Hexes
  3274 | D:3      | Reached XP level 5. HP: 33/33 MP: 5/9
  3660 | D:4      | Reached skill level 3 in Spellcasting
  3697 | D:4      | Found a glowing drain.
  3749 | Sewer    | Entered a sewer
  3857 | Sewer    | Noticed a kobold brigand
  4100 | Sewer    | Noticed a kobold brigand
  4267 | Sewer    | Reached * piety under Vehumet
  4267 | Sewer    | Offered knowledge of Foxfire by Vehumet.
  4270 | Sewer    | Learned a level 1 spell: Foxfire
  4386 | Sewer    | Noticed a kobold brigand
  4406 | Sewer    | Killed a kobold brigand
  4407 | Sewer    | Reached XP level 6. HP: 39/39 MP: 9/11
  4730 | D:4      | Found a hazy altar of Hepliaklqana.
  4906 | D:4      | Reached skill level 1 in Air Magic
  4906 | D:4      | Reached XP level 7. HP: 36/45 MP: 10/12
  5916 | D:5      | Entered Level 5 of the Dungeon
  5953 | D:5      | Learned a level 4 spell: Summon Lightning Spire
  6121 | D:5      | Found a snail-covered altar of Cheibriados.
  6148 | D:5      | Reached skill level 4 in Spellcasting
  6792 | D:5      | Reached XP level 8. HP: 24/54 MP: 14/14
  7474 | D:5      | Found a basalt altar of Yredelemnul.
  7607 | D:6      | Reached skill level 7 in Spellcasting
  7607 | D:6      | Reached XP level 9. HP: 64/64 MP: 14/20
  7725 | D:6      | Noticed a two-headed ogre
  7754 | D:6      | Killed a two-headed ogre
  8126 | D:6      | You fall into a shaft and drop 1 floor!
  8554 | D:6      | Found Tuhiduesobb's Book Boutique.
  8651 | D:6      | Offered knowledge of Scorch by Vehumet.
  8729 | D:6      | Reached skill level 1 in Fire Magic
  8893 | D:6      | Learned a level 2 spell: Scorch
  8940 | D:7      | Identified the +1 robe of Rann {Int+3}
  8948 | D:7      | Reached ** piety under Vehumet
  8949 | D:7      | Noticed Harold
  8958 | D:7      | Killed Harold
  8959 | D:7      | Reached XP level 10. HP: 47/72 MP: 14/21
  9562 | D:7      | Noticed Menkaure
  9575 | D:7      | Killed Menkaure
  9637 | D:7      | Reached skill level 5 in Stealth
  9763 | D:7      | Found a staircase to the Ecumenical Temple.
 10221 | D:8      | Reached skill level 1 in Conjurations
 10221 | D:8      | Reached skill level 1 in Ice Magic
 10488 | D:8      | Offered knowledge of Frozen Ramparts by Vehumet.
 10489 | D:8      | Reached skill level 8 in Spellcasting
 10887 | D:8      | Found a glowing golden altar of the Shining One.
 10887 | D:8      | Found a glowing silver altar of Zin.
 10888 | D:8      | Found a white marble altar of Elyvilon.
 10939 | D:9      | Reached *** piety under Vehumet
 11230 | D:9      | Offered knowledge of Dazzling Flash by Vehumet.
 11271 | D:9      | Found a staircase to the Orcish Mines.
 11434 | D:9      | Found Vimnih's Antique Weapon Shop.
 11483 | D:9      | Learned a level 5 spell: Freezing Cloud
 11511 | D:9      | Found a runed translucent gate.
 11511 | D:9      | Found a runed translucent gate.
 11512 | D:9      | Found a runed translucent gate.
 11514 | D:9      | Noticed Clumpoid's ghost (novice GnFi)
 11594 | D:9      | Reached XP level 11. HP: 70/78 MP: 17/23
 11663 | D:9      | Reached **** piety under Vehumet
 11681 | D:9      | Offered knowledge of Inner Flame by Vehumet.
 11709 | D:9      | Reached skill level 9 in Spellcasting
 11907 | D:10     | Entered Level 10 of the Dungeon
 12542 | D:10     | Noticed a two-headed ogre
 12552 | D:10     | Killed a two-headed ogre
 12698 | D:10     | Reached skill level 10 in Spellcasting
 12963 | D:10     | Found a staircase to the Lair.
 13143 | D:10     | HP: 1/78 [cloud of freezing vapour (18)]
 13144 | D:10     | Engulfed by a cloud of freezing vapour

Illustrated notes

Levels and vault maps discovered:
D:1:      nagdon_arrival_double_spiral, layout_loops_ring,
          shapermc_ecumenical_altar_mp_urbaneastern
D:2:      layout_loops_ring, mrwooster_statue_mirror
D:3:      layout_basic, nicolae_vehumet_altar_sigil, grunt_ministairs_14,
          kennysheep_minor_cross
D:4:      layout_layer_cave, mainiacjoe_overflow_catwalk, gup_sewer_entry_glass,
          serial_bayou_crossing
D:5:      layout_layer_cave, nicolae_overflow_hidden_temple
D:6:      layout_basic, serial_shops, kennysheep_mini, minmay_manual_mess
D:7:      layout_gridville, minmay_temple_entry_grid, uniq_harold, uniq_menkaure
D:8:      layout_basic, good_gods_mini_temple
D:9:      layout_roguey, david_orc_5, serial_shops,
          nicolae_shop_advertising_works [nicolae_subvault_shop_adworks],
          gammafunk_ghost_spectres
D:10:     layout_roguey, erik_lair_orcish_takeover, hangedman_misty_isle

Skill      XL: |  1  2  3  4  5  6  7  8  9 10 11 |
---------------+----------------------------------+-----
Summonings     | 5 6 9 |  9.1
Fighting       | 1 2 3 7 8 |  8.4
Hexes          | 1 2 |  2.3
Spellcasting   | 3 4 7 8 10 | 10.0
Air Magic      | 1 2 6 7 8 |  8.0
Stealth        | 4 5 7 |  7.3
Dodging        | 4 |  4.2
Fire Magic     | 2 3 |  3.0
Conjurations   | 1 3 |  3.5
Ice Magic      | 1 2 |  2.4

Action                   |  1- 3 |  4- 6 |  7- 9 | 10-12 || total
-------------------------+-------+-------+-------+-------++-------
Melee: Short sword       |    53 |    37 |    49 |       ||   139
       Constrict         |    11 |     9 |    13 |    15 ||    48
       Tentacles         |    11 |     7 |    11 |    19 ||    48
       Punch             |       |       |     2 |       ||     2
       Staff             |       |       |       |    62 ||    62
 Cast: Summon Small Mamm |    21 |    15 |     2 |       ||    38
       Call Canine Famil |     3 |    22 |    22 |    27 ||    74
       Summon Guardian G |       |     3 |    17 |    37 ||    57
       Foxfire           |       |       |    10 |       ||    10
       Summon Lightning  |       |       |     9 |    25 ||    34
       Scorch            |       |       |       |    16 ||    16
       Freezing Cloud    |       |       |       |    11 ||    11
  Use: Scroll            |       |     8 |     5 |     6 ||    19
       Potion            |       |     1 |     1 |     4 ||     6
 Stab: Sleeping          |    12 |     8 |     1 |     3 ||    24
Armor: Skin              |     4 |     4 |     3 |     6 ||    17
Dodge: Dodged            |    56 |    30 |    39 |    79 ||   204

Table legend: (Time is in decaauts)
 A = Elapsed time spent in this place.
 B = Non-inter-level travel time spent in this place.
 C = Inter-level travel time spent in this place.
 D = Time resting spent in this place.
 E = Time spent auto-exploring this place.
 F = Levels seen in this place.
 G = Mean time per level.
                   A        B        C        D        E       F      G
               +--------+--------+--------+--------+--------+-----+--------+
         Total |  13179 |  12867 |    312 |   1143 |   9131 |  11 | 1198.1 |
       Dungeon |  12221 |  11909 |    312 |    817 |   8876 |  10 | 1222.1 |
         Sewer |    957 |    957 |      0 |    326 |    255 |   1 |  957.0 |
               +--------+--------+--------+--------+--------+-----+--------+

Top non-repeatable levels by time:
     D:5: 1697 daAuts
     D:3: 1487 daAuts
     D:1: 1349 daAuts
     D:6: 1301 daAuts
     D:9: 1237 daAuts
     D:4: 1176 daAuts
     D:7: 1012 daAuts
     D:8: 1011 daAuts
    D:10: 978 daAuts
     D:2: 968 daAuts
   Sewer: 957 daAuts
